 Dungeon Crawl Stone Soup version 0.28.0-45-g0d030f2227 (webtiles) character file.

Game seed: 11470440209195019306

101 GigaChad the Skirmisher (level 4, -3/41 HPs)
             Began as a Minotaur Chaos Knight on Apr 21, 2022.
             Was an Initiate of Gozag.
             Slain by a gnoll
             ... wielding a +0 whip
              (6 damage)
             ... on level 4 of the Dungeon.
             The game lasted 00:08:40 (2841 turns).

GigaChad the Skirmisher (Minotaur Chaos Knight)     Turns: 2841, Time: 00:08:41

Health: -3/41      AC:  5    Str: 15    XL:     4   Next: 48%
Magic:  3/3        EV: 10    Int:  9    God:    Gozag
Gold:   152        SH:  0    Dex: 11    Spells: 3/3 levels left

rFire   . . .      SeeInvis .   a - +0 falchion (chaos)
rCold   . . .      Faith    .   (no shield)
rNeg    . . .      Spirit   .   d - +0 ring mail
rPois   .          Reflect  .   (helmet restricted)
rElec   .          Harm     .   (no cloak)
rCorr   .          Rampage  .   (no gloves)
Will    .....                   (no boots)
Stlth   +.........              (no amulet)
HPRegen 0.13/turn               (no ring)
MPRegen 0.08/turn               (no ring)

@: gold aura
A: horns 2, retaliatory headbutt, weak 1
a: Renounce Religion, Potion Petition, Call Merchant, Bribe Branch


You were on level 4 of the Dungeon.
You worshipped Gozag.
Gozag was aware of your devotion.
You visited 1 branch of the dungeon, and saw 4 of its levels.

You collected 195 gold pieces.
You paid 43 gold pieces to Gozag.

Inventory:

Hand Weapons
 a - a +0 falchion of chaos (weapon)
Missiles
 c - 62 bolts
 l - 30 arrows
Armour
 b - a +2 leather armour
 d - a +0 ring mail (worn)
Jewellery
 i - a ring of ice
Scrolls
 h - 2 scrolls of fog
 j - a scroll of teleportation
 k - a scroll of fear {unknown}
Potions
 e - 4 potions of curing
 f - a potion of brilliance {unknown}
 g - a potion of berserk rage {unknown}


   Skills:
 + Level 4.8 Fighting
 + Level 4.7 Long Blades
 + Level 3.5 Armour
 + Level 1.3 Dodging
 + Level 0.2 Stealth


You had 3 spell levels left.
You didn't know any spells.
Your spell library was empty.

Dungeon Overview and Level Annotations

Branches:
Dungeon (4/15)
 Temple: D:4-7

Altars:
Ashenzari
Gozag


Innate Abilities, Weirdness & Mutations

You have a pair of horns on your head.
You reflexively headbutt those who attack you in melee.
You are weak. (Str -2)


Message History

A gnoll comes into view. It is wielding a +0 spear.
Found a scroll of identify. 2 gnolls come into view.
The gnoll shouts! x2
The gnoll hits you with a +0 spear. The gnoll hits you with a +0 spear.
You closely miss the gnoll. The gnoll misses you. The gnoll closely misses you.
You furiously retaliate!
You headbutt the gnoll! You slash the gnoll! You freeze the gnoll.
The gnoll is almost dead.
The gnoll closely misses you. The gnoll barely misses you.
You furiously retaliate!
You headbutt the gnoll. You hit the gnoll but do no damage.
The gnoll is poisoned.
The gnoll is almost dead.
You kill the gnoll!
The gnoll hits you but does no damage. The gnoll hits you with a +0 whip.
The gnoll hits you with a +0 whip. x2
Things that are here:
6 gold pieces; a +0 spear The gnoll hits you with a +0 whip.
* * * LOW HITPOINT WARNING * * *
You hit the gnoll but do no damage.
The gnoll is severely wounded.
The gnoll misses you. The gnoll closely misses you. You furiously retaliate!
You headbutt the gnoll. You hit the gnoll. Your headbutt misses the gnoll.
The gnoll is severely wounded.
The gnoll hits you with a +0 whip.
* * * LOW HITPOINT WARNING * * *
The gnoll hits you but does no damage.
You barely miss the gnoll.
The gnoll is severely wounded.
The gnoll barely misses you. You furiously retaliate!
You headbutt the gnoll. The gnoll hits you with a +0 whip.
* * * LOW HITPOINT WARNING * * *
You barely miss the gnoll.
The gnoll is almost dead.
The gnoll hits you with a +0 whip.
You die...
Your body crumbles into a pile of gold.

#.. ####.####
#.......# #
#.......# .#
###.......##..#
#.............
#.......#
#....g@.#
#....g..#
####.#### ....?
....### #.####
#. #


You could see 2 gnolls.

Vanquished Creatures
  4 adders
  A gnoll (D:4)
  2 dart slugs
  An orc (D:3)
  2 ball pythons
  6 endoplasms
  A giant cockroach (D:1)
  3 goblins
  2 hobgoblins
  6 jackals
  9 bats
  4 frilled lizards
  5 kobolds
  5 rats
51 creatures vanquished.

Notes
Turn   | Place    | Note
-------+----------+-------------------------------------------
     0 | D:1      | GigaChad the Minotaur Chaos Knight began the quest for the
                  | Orb.
     0 | D:1      | Reached XP level 1. HP: 19/19 MP: 0/0
   107 | D:1      | XOM: butterfly on damage
   228 | D:1      | Reached XP level 2. HP: 6/27 MP: 1/1
   918 | D:1      | XOM: 1-stop teleportation journey
   930 | D:1      | XOM: divination: detect items
  1024 | D:1      | Reached XP level 3. HP: 27/34 MP: 2/2
  1135 | D:1      | XOM: 1-stop teleportation journey
  2268 | D:3      | Found an opulent altar of Gozag.
  2289 | D:3      | Fell from the grace of Xom
  2289 | D:3      | Became a worshipper of Gozag Ym Sagoz the Greedy
  2447 | D:3      | Reached XP level 4. HP: 38/41 MP: 3/3
  2464 | D:3      | Found a faded altar of an unknown god.
  2466 | D:3      | XOM: give mutation
  2466 | D:3      | Gained mutation: You are weak. (Str -2) [Xom's mischief]
  2751 | D:4      | XOM: 2-stop teleportation journey
  2752 | D:4      | Found a broken altar of Ashenzari.
  2830 | D:4      | XOM: 2-stop teleportation journey
  2841 | D:4      | Slain by a gnoll

Illustrated notes

Levels and vault maps discovered:
D:1:      lightli_iron_boxes, layout_loops_corners,
          kennysheep_decorative_pillar, roderic_lattice_a
D:2:      layout_basic, grunt_ministairs_12
D:3:      layout_loops_cross, grunt_gozag_breadcrumbs, vehumet_altar_wand_db,
          shapermc_ecumenical_altar_acropolis
D:4:      layout_loops_ring, mainiacjoe_overflow_alcove_2,
          nicolae_ashenzari_panopticon, nicolae_overflow_hidden_temple

Skill      XL: |  1  2 |
---------------+-------+-----
Fighting       | 4 |  4.8
Long Blades    | 4 |  4.7
Armour         | 3 |  3.5
Dodging        | |  1.3
Stealth        | |  0.2

Action                   |  1- 3 |  4- 6 || total
-------------------------+-------+-------++-------
Melee: Falchion          |    70 |    22 ||    92
       Headbutt          |     6 |     1 ||     7
  Use: Scroll            |     3 |       ||     3
Armor: Ring mail         |    54 |    13 ||    67
Dodge: Dodged            |    52 |    15 ||    67
